 Dungeon Crawl Stone Soup version 0.31.0-32-g396128a36d (webtiles) character file.

Game seed: 12317127855006511631

1162 Route97 the Skirmisher (level 8, -1/96 HPs)
             Began as a Gnoll Hunter on Apr 13, 2024.
             Was a Follower of Okawaru.
             Slain by a gnoll
             ... wielding a +0 flail
             ... led by a gnoll sergeant
              (6 damage)
             ... on level 5 of the Dungeon.
             The game lasted 00:10:17 (4557 turns).

Route97 the Skirmisher (Gnoll Hunter)               Turns: 4557, Time: 00:10:18

Health: -1/96      AC: 24    Str: 11    XL:     8   Next: 40%
Magic:  13/13      EV:  2    Int:  7    God:    Okawaru [*.....]
Gold:   240        SH:  0    Dex: 21    Spells: 13/13 levels left

rFire   . . .        a - +0 shortbow (freeze)
rCold   + . .        (shield currently unavailable)
rNeg    . . .        p - melded +1 ring mail "Usuc" {Harm Dex+6}
rPois   +            (helmet currently unavailable)
rElec   .            f - melded +2 cloak
rCorr   .            (gloves currently unavailable)
SInv    .            (boots currently unavailable)
Will    .....        (no amulet)
Stlth   +++          o - ring of protection from cold
HPRegen 0.36/turn    (no ring)
MPRegen 0.13/turn

%: clarity
@: mighty, brilliant, lethally poisoned (-1 -> -6), tree-form
A: stationary, stasis, torment immunity, boosted hp, (fangs 1), strong nose,
distributed training, (horns 1), agile 1, clarity, (fire resistance 1)
a: Renounce Religion, Heroism


You were on level 5 of the Dungeon.
You worshipped Okawaru.
Okawaru was aware of your devotion.
You were a tree.
You visited 2 branches of the dungeon, and saw 6 of its levels.
You also visited: Sewer.

You collected 240 gold pieces.

Inventory:

Hand Weapons
 a - a +0 shortbow of freezing (weapon)
 c - the +4 hand axe "Qaexuwy" {distort, ^Fragile rElec rC+ Dex+2}
   (You found it on level 4 of the Dungeon)

   Dex+2:     It affects your dexterity (+2).
   rC+:       It protects you from cold.
   rElec:     It insulates you from electricity.
   ^Fragile:  It will be destroyed if unequipped.
 i - a +1 dagger of venom
Missiles
 n - a throwing net
Armour
 f - a +2 cloak (melded)
 p - the +1 ring mail "Usuc" (melded) {Harm Dex+6}
   (You found it on level 3 of the Dungeon)

   Dex+6:     It affects your dexterity (+6).
   Harm:      It increases damage dealt and taken.
Jewellery
 o - a ring of protection from cold (left branch)
 x - a ring of protection from fire
Wands
 r - a wand of flame (24)
 v - a wand of polymorph (2)
Scrolls
 b - a scroll of butterflies
 g - a scroll of amnesia
 j - 2 scrolls of teleportation
 s - a scroll of fog
 t - 2 scrolls of noise {unknown}
Potions
 d - a potion of might
 k - a potion of brilliance
 l - 3 potions of magic
 u - a potion of enlightenment {unknown}
 w - a potion of resistance {unknown}


   Skills:
 + Level 5.7 Fighting
 + Level 3.3 Short Blades
 + Level 3.3 Long Blades
 + Level 3.3 Axes
 + Level 3.3 Maces & Flails
 + Level 3.3 Polearms
 + Level 3.3 Staves
 + Level 9.2 Ranged Weapons
 + Level 3.3 Throwing
 + Level 3.3 Armour
 + Level 5.7 Dodging
 + Level 4.1 Stealth
 + Level 3.3 Shields
 + Level 3.3 Unarmed Combat
 + Level 3.3 Spellcasting
 + Level 2.7 Conjurations
 + Level 2.7 Hexes
 + Level 2.7 Summonings
 + Level 2.7 Necromancy
 + Level 2.7 Translocations
 + Level 2.7 Fire Magic
 + Level 2.7 Ice Magic
 + Level 2.7 Air Magic
 + Level 2.7 Earth Magic
 + Level 2.7 Alchemy
 + Level 3.7 Invocations
 + Level 3.3 Evocations
 + Level 3.0 Shapeshifting


You had 13 spell levels left.
You didn't know any spells.
Your spell library contained the following spells:

 Spells                   Type           Power      Damage    Failure   Level
 Apportation              Tloc           14%        N/A       11%         1
 Shock                    Conj/Air       28%        1d4       11%         1
 Jinxbite                 Hex            14%        N/A       16%         2
 Swiftness                Air            7%         N/A       32%         3
 Airstrike                Air            3%         2d(1-17)  71%         4
 Alistair's Intoxication  Alch           4%         N/A       96%         5


Dungeon Overview and Level Annotations

Branches:
Dungeon (5/15)             Temple (1/1) D:4           Sewer (visited)

Altars:
Ashenzari
Cheibriados
Dithmenos
Elyvilon
Fedhas
Gozag
Hepliaklqana
Kikubaaqudgha
Makhleb
Nemelex Xobeh
Okawaru
Qazlal
Ru
Sif Muna
Trog
Wu Jian
Xom
Yredelemnul
Zin
The Shining One


Innate Abilities, Weirdness & Mutations

You are a tree.
Your roots penetrate the ground, keeping you stationary.
You cannot be teleported.
You are immune to unholy pain and torment.
Your maximum health is greatly increased.
Your equipment is partially melded.
((You have very sharp teeth.))
Your uncanny sense of smell can sniff out nearby items.
Your experience applies equally to all skills.
((You have a pair of small horns on your head.))
You are agile. (Dex +4, Str/Int -1)
You possess an exceptional clarity of mind.
((Your flesh is heat resistant. (rF+)))


Message History

You feel sick. The gnoll sergeant misses you.
A gnoll comes into view. It is wielding a +0 flail.
You shoot an arrow.
The arrow barely misses the gnoll sergeant.
The arrow hits the gnoll.
The arrow freezes the gnoll.
The gnoll is lightly wounded.
You feel sick.
The gnoll sergeant hits you from afar with a +1 spear of venom.
You are more poisoned.
You feel very sick. The gnoll sergeant barely misses you.
Things that are here:
a +0 club; a +0 leather armour; a +0 club You feel very sick.
The gnoll sergeant hits you with a +1 spear of venom.
You are more poisoned.
Things that are here:
a +0 dagger; a +0 flail You shoot an arrow.
The arrow hits the gnoll sergeant!
The arrow freezes the gnoll sergeant.
You kill the gnoll sergeant!
Okawaru accepts your kill.
You feel very sick.
You feel like a meek peon again.
You feel very sick. The gnoll closely misses you.
The gnoll hits you with a +0 flail!
* * * LOW HITPOINT WARNING * * *
Items here: )) [[ †.
It was a potion of lignification.
You turn into a tree.
Your +2 cloak melds into your body.
The +1 ring mail "Usuc" {Harm Dex+6} melds into your body.
Your roots penetrate the ground.
You feel sick. The gnoll hits you with a +0 flail.
* * * LOW HITPOINT WARNING * * *
The gnoll hits you but does no damage.
You shoot an arrow. The arrow hits the gnoll.
The arrow freezes the gnoll.
The gnoll is heavily wounded.
* * * LOW HITPOINT WARNING * * *
You feel sick. The gnoll hits you with a +0 flail.
You die...

###### #....#
#....# #....#
###### #....#
#gg..# #....#
#♣#
#....######)#
#..........)#
#....########
#....# #....#
#....# #....#
#########.###


You could see 2 gnolls.

Vanquished Creatures
  A black bear (D:5)
  2 phantoms (D:4)
  A kobold brigand (Sewer)
  2 brain worms (Sewer)
  A gnoll sergeant (D:5)
  A scorpion (D:2)
  A bombardier beetle (D:5)
  A bullfrog skeleton (D:4)
  2 gnoll boudas
  A sleepcap (D:5)
  An orc wizard (D:5)
  3 hound zombies (D:4)
  12 gnolls
  10 adders
  4 river rats (Sewer)
  A white imp (D:5)
  4 ufetubi (D:5)
  A dart slug (D:3)
  2 ribbon worms
  12 orcs
  6 bats
  7 endoplasms
  5 giant cockroaches
  6 hobgoblins
  4 jackals
  9 kobolds
  3 quokkas
  9 ball pythons
  6 frilled lizards
  8 goblins
  7 rats
133 creatures vanquished.

Notes
Turn   | Place    | Note
-------+----------+-------------------------------------------
     0 | D:1      | Route97 the Gnoll Hunter began the quest for the Orb.
     0 | D:1      | Reached XP level 1. HP: 20/20 MP: 1/1
    77 | D:1      | Reached XP level 2. HP: 26/26 MP: 2/2
   501 | D:2      | Reached XP level 3. HP: 31/31 MP: 3/3
   531 | D:2      | Noticed a scorpion
   540 | D:2      | Killed a scorpion
   541 | D:2      | Reached skill level 1 in Short Blades
   541 | D:2      | Reached skill level 1 in Long Blades
   541 | D:2      | Reached skill level 1 in Axes
   541 | D:2      | Reached skill level 1 in Maces & Flails
   541 | D:2      | Reached skill level 1 in Polearms
   541 | D:2      | Reached skill level 1 in Staves
   541 | D:2      | Reached skill level 1 in Throwing
   541 | D:2      | Reached skill level 1 in Armour
   541 | D:2      | Reached skill level 1 in Shields
   541 | D:2      | Reached skill level 1 in Unarmed Combat
   541 | D:2      | Reached skill level 1 in Spellcasting
   541 | D:2      | Reached skill level 1 in Conjurations
   541 | D:2      | Reached skill level 1 in Hexes
   541 | D:2      | Reached skill level 1 in Summonings
   541 | D:2      | Reached skill level 1 in Necromancy
   541 | D:2      | Reached skill level 1 in Translocations
   541 | D:2      | Reached skill level 1 in Fire Magic
   541 | D:2      | Reached skill level 1 in Ice Magic
   541 | D:2      | Reached skill level 1 in Air Magic
   541 | D:2      | Reached skill level 1 in Earth Magic
   541 | D:2      | Reached skill level 1 in Alchemy
   541 | D:2      | Reached skill level 1 in Invocations
   541 | D:2      | Reached skill level 1 in Evocations
   541 | D:2      | Reached skill level 1 in Shapeshifting
   541 | D:2      | Reached XP level 4. HP: 14/38 MP: 3/5
   795 | D:2      | Found an ancient bone altar of Kikubaaqudgha.
  1222 | D:3      | Reached XP level 5. HP: 43/43 MP: 7/7
  1280 | D:3      | Found a glowing drain.
  1309 | Sewer    | Entered a sewer
  1751 | Sewer    | Reached skill level 5 in Fighting
  1751 | Sewer    | Reached skill level 5 in Dodging
  1751 | Sewer    | Reached XP level 6. HP: 51/51 MP: 7/9
  2064 | D:3      | Identified the +1 ring mail "Usuc" {Harm Dex+6}
  2330 | D:3      | Reached XP level 7. HP: 56/56 MP: 10/10
  2361 | D:3      | Identified the +0 robe "Tufebuir" {Str-5 Int+5}
  3007 | D:4      | Identified the +4 hand axe "Qaexuwy" {distort, ^Fragile
                  | rElec rC+ Dex+2}
  3136 | D:4      | Found a staircase to the Ecumenical Temple.
  3154 | Temple   | Entered the Ecumenical Temple
  3203 | Temple   | Became a worshipper of Warmaster Okawaru
  3387 | D:4      | Reached skill level 9 in Ranged Weapons
  4093 | D:5      | Entered Level 5 of the Dungeon
  4211 | D:5      | Reached * piety under Okawaru
  4212 | D:5      | Reached XP level 8. HP: 46/63 MP: 12/12
  4545 | D:5      | Gained mutation: You possess an exceptional clarity of
                  | mind. [potion of mutation]
  4545 | D:5      | Gained mutation: You are agile. (Dex +4, Str/Int -1)
                  | [potion of mutation]
  4545 | D:5      | Gained mutation: Your flesh is heat resistant. (rF+)
                  | [potion of mutation]
  4545 | D:5      | Gained mutation: You have a pair of small horns on your
                  | head. [potion of mutation]
  4557 | D:5      | Slain by a gnoll

Illustrated notes

Levels and vault maps discovered:
D:1:      zelgadis_glass_arrival_small, layout_basic, minmay_hexomino_r4
D:2:      layout_rooms, basic_altar, serial_bayou_pond_c
D:3:      layout_loops_corners, gup_sewer_entry_bowl, minmay_distorted
D:4:      layout_basic, minmay_temple_entry_statues_fountains, serial_undead,
          serial_undead_f, serial_undead_c, serial_undead_f, serial_undead_d,
          serial_bayou_pond_c
D:5:      layout_basic, serial_shops, nicolae_shop_window_shopping
Temple:   hellmonk_temple_of_storms

Skill      XL: |  1  2  3  4  5  6  7  8 |
---------------+-------------------------+-----
Short Blades   | 1 2 3 |  3.3
Long Blades    | 1 2 3 |  3.3
Axes           | 1 2 3 |  3.3
Maces & Flails | 1 2 3 |  3.3
Polearms       | 1 2 3 |  3.3
Staves         | 1 2 3 |  3.3
Throwing       | 1 2 3 |  3.3
Armour         | 1 2 3 |  3.3
Shields        | 1 2 3 |  3.3
Unarmed Combat | 1 2 3 |  3.3
Spellcasting   | 1 2 3 |  3.3
Conjurations   | 1 2 |  2.7
Hexes          | 1 2 |  2.7
Summonings     | 1 2 |  2.7
Necromancy     | 1 2 |  2.7
Translocations | 1 2 |  2.7
Fire Magic     | 1 2 |  2.7
Ice Magic      | 1 2 |  2.7
Air Magic      | 1 2 |  2.7
Earth Magic    | 1 2 |  2.7
Alchemy        | 1 2 |  2.7
Invocations    | 1 2 3 |  3.7
Evocations     | 1 2 3 |  3.3
Shapeshifting  | 1 2 3 |  3.0
Fighting       | 5 |  5.7
Dodging        | 5 |  5.7
Stealth        | 3 4 |  4.1
Ranged Weapons | 9 |  9.2

Action                     |  1- 3 |  4- 6 |  7- 9 || total
---------------------------+-------+-------+-------++-------
   Fire: Shortbow          |    75 |   170 |   226 ||   471
 Invoke: Heroism           |       |       |     1 ||     1
    Use: Scroll            |     5 |     1 |     5 ||    11
         Potion            |       |       |     6 ||     6
 Armour: Leather armour    |    13 |    22 |       ||    35
         Ring mail         |       |     2 |    63 ||    65
         Skin              |       |       |     3 ||     3
  Dodge: Dodged            |     9 |    42 |    67 ||   118
